 Dungeon Crawl Stone Soup version 0.28.0-45-g0d030f2227 (webtiles) character file.

Game seed: 11726361956832917204

18228 MalarOregon the Fighter (level 12, -1/105 HPs)
             Began as a Palentonga Fighter on Apr 19, 2022.
             Was a Priest of the Shining One.
             Slain by a molten gargoyle
             ... wielding a +0 flail
              (6 damage)
             ... in a volcano.
             The game lasted 00:35:06 (15740 turns).

MalarOregon the Fighter (Palentonga Fighter)       Turns: 15740, Time: 00:35:07

Health: -1/105     AC: 25    Str: 24    XL:     12   Next: 25%
Magic:  18/18      EV:  8    Int:  8    God:    the Shining One [***...]
Gold:   805        SH:  0    Dex: 11    Spells: 11/11 levels left

rFire   + . .      SeeInvis +   b - +2 whip (freeze)
rCold   x . .      Faith    .   c - +0 buckler
rNeg    + . .      Spirit   .   L - +1 ring mail {rPois}
rPois   +          Reflect  +   I - +2 helmet
rElec   .          Harm     .   Q - +0 cloak
rCorr   .          Rampage  .   M - +0 pair of gloves
Will    .....                   (no barding)
Stlth   ..........              A - amulet of reflection
HPRegen 0.27/turn               n - +4 ring of protection
MPRegen 0.16/turn               j - ring of fire

@: confused, ambrosia-drunk, glowing, curled up
A: large, rugged brown scales 3, see invisible, deformed body, roll 1, armoured
tail, reflexive curl
a: Rolling Charge, Renounce Religion, Divine Shield, Cleansing Flame


You were in a volcano.
You worshipped the Shining One.
The Shining One was most pleased with you.
You visited 3 branches of the dungeon, and saw 13 of its levels.
You also visited: Sewer, Bailey and Volcano.

You collected 1024 gold pieces.
You spent 219 gold pieces at shops.


Innate Abilities, Weirdness & Mutations

You are completely covered in rugged brown scales. (AC +3, +7% HP)
You have supernaturally acute eyesight. (SInv)
Armour fits poorly on your strangely shaped body.
You can roll at nearby foes to attack.
You have a long armoured tail.
You curl defensively after being hit. (AC +7*)


   Skills:
 + Level 10.7 Fighting
 + Level 10.5 Maces & Flails
 + Level 9.1 Armour
 - Level 5.4 Shields
 + Level 9.2 Invocations


You had 11 spell levels left.
You didn't know any spells.
Your spell library contained the following spells:

 Spells                   Type           Power      Damage    Failure   Level
 Magic Dart               Conj           0%         1d3       58%         1
 Sting                    Tmut/Pois      0%         1d3       58%         1
 Summon Small Mammal      Summ           0%         N/A       58%         1
 Call Imp                 Summ           0%         N/A       75%         2
 Poisonous Vapours        Pois/Air       0%         N/A       75%         2
 Sublimation of Blood     Necr           0%         N/A       75%         2
 Wereblood                Tmut           0%         N/A       75%         2
 Call Canine Familiar     Summ           0%         N/A       92%         3
 Mephitic Cloud           Conj/Pois/Air  0%         N/A       92%         3
 Summon Guardian Golem    Hex/Summ       0%         N/A       92%         3
 Animate Dead             Necr           0%         N/A       100%        4
 Olgreb's Toxic Radiance  Pois           0%         N/A       100%        4
 Summon Ice Beast         Ice/Summ       0%         N/A       100%        4
 Summon Mana Viper        Hex/Summ       0%         N/A       100%        5
 Haunt                    Necr/Summ      0%         N/A       100%        7
 Monstrous Menagerie      Summ           0%         N/A       100%        7
 Summon Hydra             Summ           0%         N/A       100%        7
 Infestation              Necr           0%         N/A       100%        8

Inventory:

Hand Weapons
 a - a +2 whip of venom
   (You took it off a gnoll shaman on level 3 of the Dungeon)
 b - a +2 whip of freezing (weapon)
   (You took it off Pikel on level 4 of the Dungeon)
 l - the +7 whip of Jurch {vorpal, rF- rCorr Dex-4 SInv}
   (You found it on level 2 of the Dungeon)

   It inflicts extra damage upon your enemies.
   Dex:       It affects your dexterity (-4).
   rF:        It makes you vulnerable to fire.
   SInv:      It lets you see invisible.
   rCorr:     It protects you from acid and corrosion.
 v - a +3 flail
   (You took it off an orc on level 4 of the Dungeon)
 y - a +0 flail of flaming
   (You took it off a red draconian in a volcano)
Missiles
 m - 14 boomerangs
 J - 4 poisoned darts
 N - 3 silver boomerangs
 P - 6 throwing nets {!f}
 W - 4 curare-tipped darts (quivered) {!f}
Armour
 c - a +0 buckler (worn)
 g - a +1 leather armour of fire resistance
   (You found it in a volcano)
 z - an orb of energy
   (You found it on level 5 of the Dungeon)
 I - a +2 helmet (worn)
   (You found it on level 6 of the Dungeon)
 L - a +1 ring mail of poison resistance (worn)
   (You bought it in a shop on level 7 of the Dungeon)
 M - a +0 pair of gloves (worn)
   (You bought it in a shop on level 8 of the Dungeon)
 Q - a +0 cloak (worn)
   (You took it off a red draconian in a volcano)
 S - a +0 plate armour
   (You took it off a gnoll sergeant in a bailey)
Jewellery
 j - a ring of fire (right hand)
   (You found it on level 1 of the Dungeon)
 n - a +4 ring of protection (left hand)
   (You found it on level 2 of the Dungeon)
 A - an amulet of reflection (around neck)
   (You found it on level 5 of the Dungeon)
 F - a ring of poison resistance
   (You found it on level 5 of the Dungeon)
Wands
 d - a wand of iceblast (27)
   (You found it on level 6 of the Dungeon)
 k - a wand of mindburst (3)
   (You found it on level 2 of the Dungeon)
 t - a wand of flame (24)
   (You found it on level 8 of the Dungeon)
 u - a wand of paralysis (5)
   (You found it on level 6 of the Dungeon)
 x - a wand of acid (10)
   (You found it on level 5 of the Dungeon)
Scrolls
 f - a scroll of enchant armour
 h - 4 scrolls of fear {unknown}
 i - a scroll of summoning {unknown}
 o - 3 scrolls of blinking
 p - 3 scrolls of teleportation {@r4}
 w - 3 scrolls of immolation {!r}
 D - 3 scrolls of fog {unknown}
 E - 2 scrolls of vulnerability {unknown}
 T - 2 scrolls of identify {@r1}
 V - a scroll of magic mapping {unknown}
 X - a scroll of silence {unknown}
 Y - a scroll of amnesia {unknown}
 Z - a scroll of holy word {unknown}
Potions
 e - 4 potions of attraction {!q}
 q - 4 potions of flight
 r - a potion of lignification {!q}
 s - 3 potions of ambrosia
 B - a potion of heal wounds {@q2}
 C - 5 potions of curing {@q1}
 G - 3 potions of might
 H - a potion of mutation {!q}
 K - a potion of magic
 O - a potion of invisibility {unknown}
 U - 3 potions of haste {unknown}
Miscellaneous
 R - a tin of tremorstones (inert)
   (You found it in a bailey)

Dungeon Overview and Level Annotations

Branches:
Dungeon (10/15)            Temple (1/1) D:6            Lair (2/6) D:9
 Spider (0/4) Lair:2        Sewer (visited)          Bailey (visited)
Volcano (1/1)
  Swamp: Lair:2-4    Shoals: Lair:2-4       Orc: D:9-12

Altars:
Gozag
Ru
The Shining One

Shops:
D:6 :   D:7 * D:8

[
≈≈§≈§§§§§≈≈.≈...≈≈§§≈≈§≈≈≈≈§§≈≈≈.
≈≈≈≈≈§≈≈≈≈≈≈≈≈§§§§§§§≈§≈§≈≈§§≈≈≈§
≈≈≈≈≈≈≈§≈≈§≈≈≈≈§§§§§≈§≈≈≈≈§§≈≈≈§≈
≈≈≈≈≈≈≈§≈≈§§≈≈§§≈≈≈≈≈≈≈≈≈≈≈≈§≈≈≈≈
≈≈≈≈≈≈≈≈≈≈≈§≈≈§§§≈§§§≈§≈≈≈≈§§≈≈≈≈
§§≈≈≈≈≈≈≈§≈≈§§§§≈≈§§≈≈.≈≈≈≈≈§§≈≈§
≈§≈≈≈≈≈§≈§≈.§.....§........§§§≈≈≈
§§§§≈≈≈≈≈§.########'########§§§≈
≈≈≈§≈≈≈≈≈≈.#...9@.#.#......#
≈≈≈§§≈≈≈...#..$)#.#.#.#[)..#
§§≈§§≈..≈≈.#.$!$#.#)#.#....#
≈§≈≈§.§≈≈≈.#.$[=#.#)#.#.)..# ≈
≈§§.§≈≈§≈≈.######.#.#.######.≈§
.§§§§≈≈≈≈≈.#......#.#......#.≈§
≈§≈§≈≈≈≈≈≈.###''###'###''###.≈
≈§≈§≈≈§≈≈≈.#....#.....#....#
≈§≈≈≈≈≈≈≈≈.#.∩..#.8_8.#..∩.#


You could see a molten gargoyle.


Message History

You hit the red draconian but do no damage.
You hit the red draconian but do no damage.
You block the red draconian's attack.
You hit the red draconian but do no damage.
You barely miss the red draconian.
The red draconian hits you but does no damage.
You whack the red draconian! You freeze the red draconian.
The red draconian breathes fire at you. The searing blast hits you! You resist.
You whack the red draconian!
The red draconian seems to slow down.
You freeze the red draconian.
You hit the red draconian but do no damage.
You hit the red draconian. You freeze the red draconian.
You tail-slap the red draconian. The red draconian closely misses you.
You hit the red draconian but do no damage.
You tail-slap the red draconian, but do no damage.
You hit the red draconian. You freeze the red draconian.
The red draconian is no longer moving slowly.
You block the red draconian's attack.
You hit the red draconian. You freeze the red draconian.
You tail-slap the red draconian! You whack the red draconian!
The red draconian seems to slow down.
You freeze the red draconian. You tail-slap the red draconian.
You block the red draconian's attack.
You hit the red draconian but do no damage.
You hit the red draconian. You freeze the red draconian.
The red draconian is no longer moving slowly.
You hit the red draconian but do no damage.
The red draconian hits you with a +0 flail of flaming!
The red draconian burns you.
You whack the red draconian!
The red draconian seems to slow down.
You freeze the red draconian. You whack the red draconian!
You freeze the red draconian.
The red draconian hits you with a +0 flail of flaming!
* * * LOW HITPOINT WARNING * * *
You hit the red draconian but do no damage.
You barely miss the red draconian.
You tail-slap the red draconian, but do no damage.
The red draconian hits you with a +0 flail of flaming.
* * * LOW HITPOINT WARNING * * *
The red draconian burns you.
* * * LOW HITPOINT WARNING * * *
You hit the red draconian. You freeze the red draconian.
You tail-slap the red draconian, but do no damage.
You whack the red draconian! You freeze the red draconian.
You kill the red draconian!
Unknown command.
Your pack is full.
Things that are here:
a +0 flail of flaming; a +0 cloak; a red draconian corpse You can't carry that many items.
You drop a +2 mace of protection.
y - a +0 flail of flaming You can't carry that many items.
You drop a staff of air.
Q - a +0 cloak You start putting on your armour.
You continue putting on your +0 cloak. x4
You finish putting on your +0 cloak.
Okay, then.
Unknown command.
You open the large door.
There is a large open door here.
A molten gargoyle comes into view. It is wielding a +0 flail.
Found five items.
You hit the molten gargoyle but do no damage.
You tail-slap the molten gargoyle, but do no damage.
You barely miss the molten gargoyle.
The molten gargoyle blasts magma at you!
The bolt of magma misses you.
You hit the molten gargoyle but do no damage.
You tail-slap the molten gargoyle, but do no damage.
The molten gargoyle blasts magma at you!
The bolt of magma hits you! You partially resist.
* * * LOW HITPOINT WARNING * * *
You hit the molten gargoyle but do no damage.
You hit the molten gargoyle but do no damage.
You tail-slap the molten gargoyle, but do no damage.
The molten gargoyle hits you with a +0 flail!
* * * LOW HITPOINT WARNING * * *
You are engulfed in flames.
You resist.
* * * LOW HITPOINT WARNING * * *
You barely miss the molten gargoyle. You hit the molten gargoyle.
You freeze the molten gargoyle. You tail-slap the molten gargoyle.
The molten gargoyle hits you with a +0 flail!
* * * LOW HITPOINT WARNING * * *
You are engulfed in flames.
You resist.
* * * LOW HITPOINT WARNING * * *
You feel much better.
The molten gargoyle hits you with a +0 flail!
* * * LOW HITPOINT WARNING * * *
You are engulfed in flames.
You resist.
* * * LOW HITPOINT WARNING * * *
You are confused.
You feel invigorated. The molten gargoyle barely misses you.
You bump into the stone wall.
The molten gargoyle hits you with a +0 flail!
* * * LOW HITPOINT WARNING * * *
You are engulfed in flames.
You resist.
You die...

Skill      XL: |  1  2  3  4  5  6  7  8  9 10 11 12 |
---------------+-------------------------------------+-----
Shields        | 3 4 5 |  5.4
Armour         | 3 4 5 6 7 8 9 |  9.1
Maces & Flails | 3 4 6 7 8 10 | 10.5
Fighting       | 4 5 6 7 9 10 | 10.7
Invocations    | 4 6 8 9 |  9.2

Action                   |  1- 3 |  4- 6 |  7- 9 | 10-12 || total
-------------------------+-------+-------+-------+-------++-------
Melee: Flail             |   104 |   204 |    25 |    63 ||   396
       Tailslap          |     5 |    33 |    52 |   163 ||   253
       Whip              |       |    23 |   409 |   540 ||   972
Throw: Dart              |       |       |     5 |    10 ||    15
Invok: Divine Shield     |       |       |       |     5 ||     5
 Abil: Rolling Charge    |     1 |     1 |     4 |     6 ||    12
Evoke: Wand              |       |     4 |     1 |    10 ||    15
       Tin of tremorston |       |       |       |     2 ||     2
  Use: Potion            |       |     1 |       |     3 ||     4
       Scroll            |       |       |     8 |       ||     8
 Stab: Paralysed         |       |     1 |       |       ||     1
Armor: Scale mail        |    61 |   157 |   160 |       ||   378
       Ring mail         |       |       |    28 |   201 ||   229
Dodge: Dodged            |    43 |    97 |   100 |   150 ||   390
Block: Buckler           |    19 |    52 |   160 |   259 ||   490
       Reflection        |       |       |     5 |     5 ||    10

Levels and vault maps discovered:
D:1:      wander_arrival_fairy_ring, layout_basic, basic_ecumenical_altar
D:2:      layout_rooms, grunt_ministairs_15, corner_web_ring,
          kennysheep_generic_room_9
D:3:      layout_loops_corners, nicolae_ru_great_annihilating_truth,
          cheibrodos_sewer_entry_bend
D:4:      kennysheep_goblin_castle, layout_cave_pools, uniq_pikel
D:5:      layout_rooms
D:6:      kennysheep_six_static_rooms, layout_cave_pools,
          minmay_temple_entry_enclosed_plants, serial_shops, shop, minivault_26,
          minmay_misc_feat_hallway
D:7:      layout_basic, serial_shops, nicolae_shop_stone,
          minmay_misc_feat_more_columns
D:8:      layout_cave_pools, serial_shops, nicolae_shop_behind_doors,
          uniq_joseph, uniq_maggie
D:9:      layout_rooms, lair_entry_dummy, enter_bailey_5
D:10:     layout_loops_ring, lemuel_doored_altar, uniq_sonja
Temple:   mainiacjoe_temple_big_plus
Lair:1:   layout_roguey, nzn_sisyphean_effort, serial_bayou_shore_a
Lair:2:   layout_cave_pods, nicolae_spider_entry_non_spiders,
          nicolae_volcano_entry_hallway, grunt_megastairs_1,
          serial_bayou_shore_b
Volcano:  volcano_lake [vl_original]

Notes
Turn   | Place    | Note
-------+----------+-------------------------------------------
     0 | D:1      | MalarOregon the Palentonga Fighter began the quest for the
                  | Orb.
     0 | D:1      | Reached XP level 1. HP: 19/19 MP: 1/1
   364 | D:1      | Reached XP level 2. HP: 17/25 MP: 2/2
   644 | D:1      | Found a faded altar of an unknown god.
   902 | D:2      | Identified the +7 whip of Jurch {vorpal, rF- rCorr Dex-4
                  | SInv}
   906 | D:2      | You pick up a book of Minor Magic and begin reading...
   906 | D:2      | You add the spells Magic Dart, Call Imp and Mephitic Cloud
                  | to your library.
  1007 | D:2      | Reached XP level 3. HP: 27/31 MP: 3/3
  2034 | D:3      | Reached XP level 4. HP: 36/37 MP: 4/4
  2039 | D:3      | Reached skill level 3 in Shields
  2226 | D:3      | Found a glowing drain.
  2237 | Sewer    | Entered a sewer
  2297 | Sewer    | Reached skill level 3 in Armour
  2334 | Sewer    | Reached skill level 3 in Maces & Flails
  2342 | Sewer    | HP: 9/39 [sickly merfolk siren/+0 spear (6)]
  2615 | Sewer    | Reached XP level 5. HP: 39/44 MP: 5/5
  3189 | D:3      | You pick up a book of Callings and begin reading...
  3189 | D:3      | You add the spells Summon Small Mammal, Call Canine
                  | Familiar and Summon Guardian Golem to your library.
  3268 | D:3      | Reached skill level 4 in Fighting
  3493 | D:3      | Found a sacrificial altar of Ru.
  3943 | D:4      | Reached XP level 6. HP: 39/51 MP: 6/6
  4251 | D:4      | Noticed an ice beast
  4261 | D:4      | Killed an ice beast
  4324 | D:4      | You pick up a book of Death and begin reading...
  4324 | D:4      | You add the spells Animate Dead, Haunt and Infestation to
                  | your library.
  4495 | D:3      | Reached skill level 4 in Maces & Flails
  4591 | D:3      | HP: 9/52 [poisoned by a gnoll shaman]
  4592 | D:3      | HP: 1/52 [poisoned by a gnoll shaman]
  4984 | D:4      | Noticed Pikel
  4993 | D:4      | Gained mutation: You curl defensively after being hit. (AC
                  | +7*) [Palentonga growth]
  4993 | D:4      | Reached XP level 7. HP: 52/58 MP: 7/7
  5035 | D:4      | Killed Pikel
  5036 | D:4      | Reached skill level 5 in Fighting
  5036 | D:4      | Reached skill level 4 in Armour
  5036 | D:4      | Reached skill level 4 in Shields
  5233 | D:4      | Reached XP level 8. HP: 67/67 MP: 8/8
  5241 | D:4      | Reached skill level 5 in Maces & Flails
  5458 | D:5      | Entered Level 5 of the Dungeon
  6218 | D:5      | Reached skill level 5 in Armour
  6371 | D:6      | Reached skill level 6 in Fighting
  6371 | D:6      | Reached skill level 5 in Shields
  6483 | D:6      | You pick up a book of Beasts and begin reading...
  6483 | D:6      | You add the spells Summon Ice Beast, Summon Mana Viper and
                  | Monstrous Menagerie to your library.
  6643 | D:6      | Reached skill level 6 in Maces & Flails
  6919 | D:6      | Identified the +7 spear of Apetod {drain, +Blink rN+ Str+2
                  | Dex-2}
  7018 | D:6      | Found a staircase to the Ecumenical Temple.
  7025 | Temple   | Entered the Ecumenical Temple
  7068 | Temple   | Became a worshipper of the Shining One
  7117 | D:6      | Reached XP level 9. HP: 75/75 MP: 9/9
  7211 | D:6      | Found Juomuy's Book Boutique.
  7218 | D:6      | Reached skill level 1 in Invocations
  7451 | D:6      | Reached skill level 2 in Invocations
  7632 | D:7      | Reached * piety under the Shining One
  7641 | D:7      | Reached skill level 7 in Fighting
  7858 | D:7      | Reached skill level 6 in Armour
  7964 | D:7      | Reached skill level 3 in Invocations
  8014 | D:7      | Reached skill level 7 in Maces & Flails
  8218 | D:7      | Found Quywa's General Store.
  8224 | D:7      | Bought a scroll of identify for 22 gold pieces
  8224 | D:7      | Bought a +1 ring mail of poison resistance for 143 gold
                  | pieces
  8771 | D:8      | Found Idomoatiu's Armour Boutique.
  8785 | D:8      | Bought a +0 pair of gloves for 54 gold pieces
  8821 | D:8      | Noticed Maggie
  8842 | D:8      | Reached skill level 4 in Invocations
  9048 | D:8      | Killed Maggie
  9105 | D:8      | Noticed Joseph
  9130 | D:8      | Killed Joseph
  9131 | D:8      | Reached XP level 10. HP: 53/85 MP: 13/13
  9308 | D:8      | Reached ** piety under the Shining One
  9312 | D:8      | Reached skill level 8 in Fighting
  9491 | D:8      | You pick up a book of Blood and begin reading...
  9491 | D:8      | You add the spells Sublimation of Blood, Wereblood and
                  | Summon Hydra to your library.
  9705 | D:9      | Found a flagged portal.
  9735 | Bailey   | Entered a bailey
  9926 | Bailey   | Reached skill level 5 in Invocations
 10207 | Bailey   | HP: 15/85 [wolf (8)]
 10223 | Bailey   | HP: 12/85 [wolf (6)]
 10226 | Bailey   | Reached skill level 8 in Maces & Flails
 10246 | Bailey   | HP: 14/85 [gnoll sergeant/+0 halberd (4)]
 10250 | Bailey   | Reached skill level 7 in Armour
 10307 | Bailey   | HP: 7/85 [gnoll sergeant/+0 halberd (20)]
 10312 | Bailey   | HP: 12/85 [gnoll sergeant/+0 halberd (3)]
 10796 | Bailey   | Identified the +6 trident of Calyfris {drain, rCorr}
 11154 | D:9      | You add the spells Sting, Poisonous Vapours and Olgreb's
                  | Toxic Radiance to your library.
 11484 | D:9      | Reached skill level 6 in Invocations
 11732 | D:9      | Found a staircase to the Lair.
 11853 | D:10     | Entered Level 10 of the Dungeon
 11860 | D:10     | Noticed Sonja
 11863 | D:10     | Killed Sonja
 11864 | D:10     | Reached skill level 9 in Fighting
 12028 | D:10     | Noticed a skeletal warrior
 12070 | D:10     | Killed a skeletal warrior
 12071 | D:10     | Reached XP level 11. HP: 52/95 MP: 15/15
 12079 | D:10     | Noticed a death knight
 12266 | Lair:1   | Entered Level 1 of the Lair of Beasts
 12266 | Lair:1   | Noticed an eight-headed hydra
 12277 | D:9      | Killed an eight-headed hydra
 12278 | D:9      | Reached skill level 9 in Maces & Flails
 12723 | Lair:1   | Noticed a four-headed hydra
 12733 | Lair:1   | Killed a four-headed hydra
 12734 | Lair:1   | Reached skill level 7 in Invocations
 12986 | Lair:1   | Noticed a six-headed hydra
 12988 | Lair:1   | Reached *** piety under the Shining One
 13006 | Lair:1   | Killed a six-headed hydra
 13007 | Lair:1   | Reached skill level 8 in Armour
 13272 | Lair:1   | Noticed a boulder beetle
 13290 | Lair:1   | Killed a boulder beetle
 13605 | Lair:1   | Reached skill level 10 in Fighting
 13605 | Lair:1   | Reached skill level 8 in Invocations
 14041 | Lair:2   | Found a hole to the Spider Nest.
 14331 | Lair:2   | Reached skill level 10 in Maces & Flails
 14378 | Lair:2   | Found a dark tunnel.
 14386 | Volcano  | Entered a volcano
 14863 | Volcano  | Found a bloodstained altar of Trog.
 14863 | Volcano  | Noticed a two-headed ogre
 14863 | Volcano  | Noticed a two-headed ogre
 14863 | Volcano  | Noticed an ogre mage
 14863 | Volcano  | Noticed a two-headed ogre
 14873 | Volcano  | Killed a two-headed ogre
 14883 | Volcano  | Killed a two-headed ogre
 14884 | Volcano  | Reached XP level 12. HP: 54/104 MP: 18/18
 14885 | Volcano  | Paralysed by an ogre mage for 5 turns
 14896 | Volcano  | Killed an ogre mage
 14928 | Volcano  | HP: 26/104 [two-headed ogre/+2 great mace of flaming (13)]
 14945 | Volcano  | Killed a two-headed ogre
 15353 | Volcano  | Noticed a two-headed ogre
 15363 | Volcano  | Killed a two-headed ogre
 15364 | Volcano  | Reached skill level 9 in Armour
 15364 | Volcano  | Reached skill level 9 in Invocations
 15686 | Volcano  | Noticed a red draconian
 15710 | Volcano  | Killed a red draconian
 15735 | Volcano  | HP: 24/105 [molten gargoyle/+0 flail (6)]
 15737 | Volcano  | HP: 6/105 [molten gargoyle/+0 flail (6)]
 15740 | Volcano  | Slain by a molten gargoyle

Vanquished Creatures
  A red draconian (Volcano)
  3 hydras
  A boulder beetle (Lair:1)
  An ogre mage (Volcano)
  4 two-headed ogres (Volcano)
  Sonja (D:10)
  A skeletal warrior (D:10)
  Pikel (D:4)
  Joseph (D:8)
  A molten gargoyle (Volcano)
  2 cane toads (Lair:2)
  Maggie (D:8)
  A komodo dragon (Lair:2)
  A troll (D:9)
  4 blink frogs (Lair:1)
  A wraith (D:9)
  6 yaks (Lair:1)
  A fire bat (Volcano)
  2 shadows
  A basilisk (Lair:2)
  2 steam dragons
  6 water moccasins
  An orc warrior (D:10)
  2 sky beasts (D:6)
  3 ice beasts
  A necrophage (D:5)
  5 wolves (Bailey)
  An ogre (D:6)
  A centaur (D:7)
  A lemure (D:4)
  5 bullfrogs
  A kobold brigand (D:6)
  10 gnoll sergeants
  5 scorpions
  2 wyvern zombies
  2 water moccasin zombies (D:6)
  A water moccasin skeleton (D:6)
  11 killer bees (D:7)
  2 electric eels (Lair:1)
  6 howler monkeys
  6 lava snakes (Volcano)
  3 bullfrog zombies (D:6)
  4 hounds
  A centaur zombie (D:5)
  8 gnoll shamans
  A centaur skeleton (D:7)
  10 orc priests
  A bullfrog skeleton (D:6)
  2 iguanas (D:5)
  8 orc wizards
  A merfolk siren (Sewer)
  A merfolk avatar (Sewer)
  2 killer bee zombies
  2 hound skeletons (D:4)
  A howler monkey zombie (D:8)
  21 gnolls
  3 howler monkey skeletons
  9 adders
  A river rat (Sewer)
  A shadow imp (D:4)
  A white imp (D:8)
  3 ufetubi
  An adder skeleton (D:4)
  5 worms
  4 dart slugs
  29 orcs
  9 ball pythons
  4 bats (D:1)
  7 endoplasms
  8 giant cockroaches
  17 goblins
  6 hobgoblins
  3 jackals (D:4)
  5 quokkas
  7 frilled lizards
  10 kobolds
  27 rats
335 creatures vanquished.

Vanquished Creatures (others)
  2 fungi (Lair:2)
  4 plants
6 creatures vanquished.

Grand Total: 341 creatures vanquished

Table legend:
 A = Non-vault XP
 B = Vault XP
 C = Vault XP percentage of total XP
 D = Non-vault monster count
 E = Vault monster count
 F = Vault count percentage of total count
                 A         B        C        D         E       F
            +---------+---------+-------+---------+---------+-------
      Total |   13230 |   12811 |  49.2 |     204 |     130 |  38.9
            +---------+---------+-------+---------+---------+-------
        D:1 |      31 |       0 |   0.0 |      16 |       0 |   0.0
        D:2 |      56 |       5 |   8.2 |      18 |       3 |  14.3
        D:3 |     115 |      57 |  33.1 |      15 |       5 |  25.0
        D:4 |     334 |     713 |  68.1 |      27 |      13 |  32.5
        D:5 |     535 |       0 |   0.0 |      14 |       0 |   0.0
        D:6 |    1128 |     419 |  27.1 |      22 |       6 |  21.4
        D:7 |    1383 |       0 |   0.0 |      30 |       0 |   0.0
        D:8 |     679 |     851 |  55.6 |      13 |       2 |  13.3
        D:9 |    2294 |       8 |   0.3 |      19 |       4 |  17.4
       D:10 |    1112 |     769 |  40.9 |       7 |       1 |  12.5
     Lair:1 |    4868 |     869 |  15.1 |      20 |       1 |   4.8
     Lair:2 |     695 |    1164 |  62.6 |       3 |      10 |  76.9
      Sewer |       0 |     142 | 100.0 |       0 |      40 | 100.0
     Bailey |       0 |    1771 | 100.0 |       0 |      31 | 100.0
    Volcano |       0 |    6043 | 100.0 |       0 |      14 | 100.0
            +---------+---------+-------+---------+---------+-------

Illustrated notes

Table legend:
 A = Kills in this place as a percentage of kills in entire the game.
 B = Kills by you in this place as a percentage of kills by you in the entire game.
 C = Kills by friends in this place as a percentage of kills by friends in the entire game.
 D = Other kills in this place as a percentage of other kills in the entire game.
 E = Experience gained in this place as a percentage of experience gained in the entire game.
 F = Experience gained in this place divided by the number of levels of this place that you have seen.
                   A       B       C       D       E      F
               +-------+-------+-------+-------+-------+----------------------
         Total | 100.0 | 100.0 |   N/A |   N/A | 100.0 | 1627.6
       Dungeon |  64.4 |  64.4 |   N/A |   N/A |  40.3 | 1048.9
          Lair |  10.2 |  10.2 |   N/A |   N/A |  29.2 | 3798.0
         Sewer |  12.0 |  12.0 |   N/A |   N/A |   0.5 | 142.0
        Bailey |   9.3 |   9.3 |   N/A |   N/A |   6.8 | 1771.0
       Volcano |   4.2 |   4.2 |   N/A |   N/A |  23.2 | 6043.0
               +-------+-------+-------+-------+-------+----------------------

Table legend: (Time is in decaauts)
 A = Elapsed time spent in this place.
 B = Non-inter-level travel time spent in this place.
 C = Inter-level travel time spent in this place.
 D = Time resting spent in this place.
 E = Time spent auto-exploring this place.
 F = Levels seen in this place.
 G = Mean time per level.
                   A        B        C        D        E       F      G
               +--------+--------+--------+--------+--------+-----+--------+
         Total |  15641 |  15236 |    405 |   2711 |   9177 |  16 |  977.6 |
       Dungeon |  10213 |   9898 |    315 |   1431 |   6455 |  10 | 1021.3 |
        Temple |     73 |     37 |     36 |      0 |     35 |   1 |   73.0 |
          Lair |   1786 |   1732 |     54 |    436 |    834 |   2 |  893.0 |
         Sewer |    872 |    872 |      0 |      0 |    625 |   1 |  872.0 |
        Bailey |   1376 |   1376 |      0 |    485 |    575 |   1 | 1376.0 |
       Volcano |   1318 |   1318 |      0 |    359 |    652 |   1 | 1318.0 |
               +--------+--------+--------+--------+--------+-----+--------+

Top non-repeatable levels by time:
     D:3: 1502 daAuts
  Lair:1: 1459 daAuts
  Bailey: 1376 daAuts
     D:6: 1356 daAuts
 Volcano: 1318 daAuts
     D:2: 1246 daAuts
     D:4: 1169 daAuts
     D:9: 1160 daAuts
     D:7: 1058 daAuts
     D:5: 887 daAuts
   Sewer: 872 daAuts
     D:1: 799 daAuts
     D:8: 791 daAuts
  Lair:2: 327 daAuts
    D:10: 242 daAuts
